Fun, neutral male gnomish Tourist -------- -------- +@...... ........| |..d^..| | |...`...# ------------- | --------# |............ ........| # |.......<...| | # |............ # |...........| # -.----------- # ## # # # ### # # # # ### #### #---------|--.--- #...............| |..............| ---------------- Fun the Sightseer Experience level: 4 Strength: 11 Dexterity: 12 Constitution: 9 Intelligence: 16 Wisdom: 10 Charisma: 18 Health: 0(24) Energy: 19(19) Def: 4 Gold: 2007 Moves: 4653 Dungeon seed: wZGizAr9c-gaBtK5 Game ID: Fun_1512566853 Your Inventory: Coins $ - 2007 gold pieces Weapons a - 12 uncursed +2 darts (in quiver) b - an uncursed +0 elven dagger E - an uncursed +0 dagger W - an uncursed +0 morning star of stealth and lightning (weapon in hand) Armor e - an uncursed +0 Hawaiian shirt (being worn) y - an uncursed +0 ring mail (being worn) z - an uncursed +0 orcish helm (being worn) Comestibles f - an uncursed tripe ration h - an uncursed egg P - an uncursed clove of garlic Scrolls k - 4 uncursed scrolls of magic mapping F - 2 uncursed scrolls of remove curse L - an uncursed scroll of light M - an uncursed scroll of enchant armor Potions A - a blessed potion of blindness G - an uncursed potion of speed H - a potion of holy water Z - an uncursed potion of gain level Wands c - an uncursed wand of digging (0:3) x - an uncursed wand of slow monster (0:6) D - an uncursed wand of striking (0:1) Tools l - an uncursed credit card m - an uncursed expensive camera (0:58) n - an uncursed leash o - an uncursed magic marker (0:0) p - an uncursed tin opener q - an uncursed towel S - an uncursed bag of holding Gems N - an uncursed worthless piece of blue glass Y - 2 uncursed touchstones Spells and supernatural/magical abilities: Spells marked with '*' are forgotten. Spells marked with '!' are maintained. Spells marked with '#' are aliased with 'castalias'. Name Level Category Fail Memory n - detect monsters 1 divination 100% 100% W - pray for help -- divine ? -- Your skills at the end: Fighting Skills wands [Basic] Weapon Skills short sword [Basic] dart [Basic] Spellcasting Skills Final Attributes: You were telepathic. You had infravision. You were stealthy. You last prayed 663 turns ago. You are dead. Vanquished creatures: 2 leprechauns an imp an orc shaman a rock piercer a shrieker 2 floating eyes 2 homunculi a rabid rat a giant bat an orc zombie 2 iguanas an acid blob 2 coyotes 3 hobbits 8 manes a large kobold 3 giant rats a yellow mold a green mold a red mold 6 garter snakes 6 geckos 9 jackals 2 foxes 2 goblins 3 sewer rats 3 grid bugs 2 lichens 8 newts 77 creatures vanquished. Voluntary challenges: You used a wielded weapon 90 times, starting on turn 112. You read items or engraved 4 times, starting on turn 941. You never genocided any monsters. You never polymorphed an object. You never changed form. You used no wishes. You never split a pudding. You never wrote Elbereth's name. You never violated your personal moral code. Dungeon overview: The Dungeons of Doom: levels 1 to 8 Level 1 a vault a long staircase Level 2 a fountain, a sink a long staircase Level 3 a fountain Level 4 a potion shop, a vault Level 5 an altar to The Lady, a vault Level 6 Level 7 Level 8 <- You were here History has recorded: On T:1 you entered the Dungeons of Doom to retrieve the Amulet of Yendor! On T:579 you reached level 2 of The Dungeons of Doom. On T:913 you advanced to experience level 2. On T:934 you reached level 3 of The Dungeons of Doom. On T:1528 you reached level 4 of The Dungeons of Doom. On T:2125 you reached level 5 of The Dungeons of Doom. On T:2266 you advanced to experience level 3. On T:2864 you reached level 6 of The Dungeons of Doom. On T:3303 you reached level 7 of The Dungeons of Doom. On T:3574 you advanced to experience level 4. On T:4526 you reached level 8 of The Dungeons of Doom. Score breakdown: Gold: 1153 (10416 points) Experience: 4 levels ( 9649 points) Exploration: 8 levels ( 16.67%) (11577 points) Discoveries: 17 items ( 5.63%) ( 7117 points) Valuables value: (no points given unless you survive) Artifact value: 0 ( 0 points) Variety of kills: 29 monsters ( 7.63%) ( 8287 points) Turncount: 4653 turns (-1248 points) Survival: died (score multiplied by 80%) Total score: 36638 Latest messages: This garter snake corpse tastes terrible! You finish eating the garter snake corpse. There is nothing here to pick up. The gecko bites the large dog. The large dog bites the gecko. (2x) The gecko is killed! Lightning strikes the green mold! (2x) You kill the green mold! You see here a green mold corpse. You have a very bad case of stomach acid. This green mold corpse tastes terrible! You finish eating the green mold corpse. You displace your large dog. $ - 46 gold pieces. A shiver runs up and down your spine! You step onto a polymorph trap, and change comes over you. You shudder for a moment. You die... The bag of holding is empty. The bag of holding is empty. Final status: Aloha Fun the Tourist, killed by a system shock... You died in The Dungeons of Doom on dungeon level 8 with 36638 points, and 2007 pieces of gold, after 4653 moves. You were level 4 with a maximum of 24 hit points when you died.